Map: Ascension to Aiur LE

Players

Winthrowe

  • Race: Terran Terran
  • Spawn Location: 5:00

IMMORTAL - Winner!

  • Race: Protoss Protoss
  • League: Gold
  • Spawn Location: 11:00

VOD

Have the link to the VOD?

Description

Time

  • Played on: Aug. 18, 2017, 5:12 p.m.
  • Length: 7:49
Show
View Real Time Build Order
Export as new Build Order

Winthrowe Terran 

Build Orders: MMM Bio 

Get SALT Encoding   

  12  0:02  SCV  
  13  0:14  SCV  
  13  0:21  Supply Depot  
  14  0:28  Refinery  
  14  0:32  SCV  
  15  0:53  Barracks  
  15  0:57  SCV  
  16  1:09  SCV  
  17  1:21  SCV  
  18  1:34  SCV  
  19  1:45  Barracks  
  19  1:46  Barracks Reactor  
  19  1:56  SCV  
  20  2:01  Refinery  
  20  2:23  Marine x2  
  22  2:35  Command Center  
  22  2:41  Marine  
  23  2:45  Supply Depot  
  23  2:58  Barracks Tech Lab  
  23  3:07  Marine x2  
  23  3:09  Supply Depot  
  25  3:16  SCV  
  26  3:23  Stimpack  
  26  3:28  SCV  
  26  3:29  Marauder  
  26  3:31  Supply Depot  
  26  3:32  Marine x2  
  31  3:43  Orbital Command  
  31  3:50  Marauder  
  33  4:23  Marauder  
  35  4:27  Marine  
  35  4:28  Marine  
  37  4:42  Engineering Bay  
  37  4:44  Marauder  
  39  4:45  Engineering Bay  
  39  4:53  Marine x2  
  41  5:24  Combat Shields  
  41  5:32  Marine x2, Marauder  
  45  5:45  Terran Infantry Weapons Level 1  
  45  5:47  Terran Infantry Armor Level 1  
  31  5:50  Marine x2  
  32  6:06  Factory  
  32  6:08  SCV x2  
  30  6:20  SCV x2  
  26  6:40  Marauder  
  26  6:41  Marine  
  26  6:42  Marine  
  26  6:43  Concussive Shells  
  15  6:59  Marine  
  15  7:00  Marine  
  17  7:02  Marauder  
  19  7:16  Cyclone  
  19  7:17  Marine x2  
  24  7:23  Marauder  
Show
View Real Time Build Order
Export as new Build Order

IMMORTAL Protoss - Winner!

Build Orders: Nexus First 

Get SALT Encoding   

  12  0:02  Probe (Chrono Boost)  
  13  0:12  Probe (Chrono Boost)  
  14  0:23  Probe (Chrono Boost)  
  14  0:27  Pylon  
  15  0:45  Probe (Chrono Boost)  
  16  0:57  Nexus  
  16  1:10  Gateway  
  16  1:17  Probe (Chrono Boost)  
  16  1:18  Assimilator  
  17  1:28  Probe (Chrono Boost)  
  18  1:38  Probe (Chrono Boost)  
  19  1:49  Probe (Chrono Boost)  
  20  1:58  Cybernetics Core  
  20  1:59  Probe (Chrono Boost)  
  21  2:03  Pylon  
  21  2:10  Probe (Chrono Boost)  
  22  2:20  Probe (Chrono Boost)  
  23  2:25  Probe (Chrono Boost)  
  23  2:29  Pylon  
  24  2:31  Probe (Chrono Boost)  
  24  2:34  Assimilator  
  24  2:35  Adept (Chrono Boost), Probe (Chrono Boost)  
  28  2:42  Probe  
  29  2:45  Probe  
  30  2:54  Probe  
  30  2:55  Probe  
  32  3:06  Probe x2  
  32  3:07  Warp Gate (Chrono Boost)  
  34  3:15  Twilight Council  
  34  3:16  Probe  
  34  3:17  Gateway  
  34  3:18  Probe  
  36  3:27  Probe  
  36  3:28  Gateway  
  36  3:30  Probe  
  36  3:32  Pylon  
  38  3:37  Probe  
  39  3:42  Assimilator, Probe  
  39  3:46  Assimilator  
  39  3:48  Probe  
  40  3:54  Mothership Core  
  43  3:58  Probe  
  44  4:09  Dark Shrine, Probe  
  44  4:13  Gateway  
  44  4:15  Probe  
  45  4:20  Robotics Facility, Probe  
  46  4:27  Pylon  
  46  4:31  Pylon  
  46  4:32  Probe  
  47  4:43  Probe  
  48  4:53  Pylon, Probe  
  48  4:55  Pylon  
  48  4:56  Pylon  
  49  5:04  Probe  
  50  5:19  Gateway  
  50  5:22  Gateway, Observer  
  50  5:31  Dark Templar x3  
  50  5:32  Dark Templar  
  58  6:02  Probe  
  58  6:03  Warp Prism  
  61  6:14  Stalker x4, Probe  
  70  6:33  Stalker  
  72  6:56  Stalker x4  
  72  6:57  Stalker  
  82  7:25  Dark Templar x4  
Tags
 
Composition
MMM Bio
League
Gold
Matchup
PvT
Spawn Locations
Cross Positions
Add a new tag
Caveats
  • Supply blocks, unpowered buildings, or Contaminate may cause inaccurate times.
  • Supply counts are checked every 10 seconds.